Map: Newkirk Precinct TE (Void)

Players

Loken - Winner!

  • Race: Protoss Protoss
  • League: Platinum
  • Spawn Location: 7:00

FrogMint

  • Race: Zerg Zerg
  • Spawn Location: 5:00

VOD

Have the link to the VOD?

Description

Time

  • Played on: March 17, 2017, 6:25 p.m.
  • Length: 7:51
Show
View Real Time Build Order
Export as new Build Order

Loken Protoss - Winner!

Build Orders: 1 Gate Expand 

Get SALT Encoding   

  12  0:01  Probe (Chrono Boost)  
  13  0:11  Probe (Chrono Boost)  
  14  0:26  Pylon  
  14  0:29  Probe (Chrono Boost)  
  15  0:45  Probe (Chrono Boost)  
  15  0:49  Gateway  
  16  0:58  Probe (Chrono Boost)  
  17  1:08  Pylon  
  17  1:09  Probe (Chrono Boost)  
  18  1:19  Probe (Chrono Boost)  
  18  1:26  Nexus  
  18  1:33  Probe (Chrono Boost)  
  18  1:35  Assimilator  
  19  1:41  Zealot  
  21  1:53  Cybernetics Core  
  21  2:06  Pylon  
  21  2:12  Probe (Chrono Boost)  
  22  2:24  Zealot  
  22  2:26  Gateway  
  24  2:33  Assimilator  
  24  2:38  Warp Gate  
  24  2:39  Probe (Chrono Boost)  
  25  2:44  Probe (Chrono Boost)  
  25  2:50  Probe (Chrono Boost)  
  27  2:53  Stalker  
  29  3:00  Probe x2 (Chrono Boost)  
  29  3:05  Assimilator  
  31  3:11  Probe (Chrono Boost)  
  31  3:15  Zealot  
  31  3:18  Probe (Chrono Boost)  
  34  3:21  Probe (Chrono Boost)  
  34  3:24  Stalker  
  37  3:29  Probe (Chrono Boost)  
  37  3:32  Probe (Chrono Boost)  
  37  3:33  Pylon  
  39  3:40  Probe (Chrono Boost)  
  40  3:47  Stalker  
  42  3:50  Probe (Chrono Boost)  
  42  3:53  Probe (Chrono Boost)  
  44  4:00  Probe (Chrono Boost)  
  45  4:03  Pylon, Probe (Chrono Boost)  
  45  4:08  Gateway  
  46  4:11  Probe (Chrono Boost)  
  46  4:16  Gateway  
  47  4:18  Probe (Chrono Boost)  
  48  4:25  Probe (Chrono Boost)  
  48  4:28  Probe (Chrono Boost)  
  50  4:33  Twilight Council  
  50  4:36  Probe (Chrono Boost)  
  51  4:39  Probe (Chrono Boost)  
  51  4:45  Stalker x2  
  56  4:50  Probe (Chrono Boost)  
  50  5:00  Probe (Chrono Boost)  
  48  5:08  Charge  
  48  5:17  Probe (Chrono Boost)  
  50  5:21  Probe (Chrono Boost)  
  50  5:26  Assimilator  
  50  5:28  Probe (Chrono Boost)  
  51  5:31  Probe (Chrono Boost)  
  52  5:37  Stalker x4  
  52  5:40  Probe (Chrono Boost)  
  52  5:42  Probe (Chrono Boost)  
  62  5:57  Pylon  
  62  6:03  Pylon  
  62  6:16  Probe (Chrono Boost)  
  62  6:17  Forge, Probe (Chrono Boost)  
  64  6:18  Forge  
  64  6:22  Stalker  
  64  6:23  Stalker x3  
  72  6:26  Probe (Chrono Boost)  
  72  6:29  Probe (Chrono Boost)  
  74  6:39  Pylon  
  74  6:41  Probe (Chrono Boost)  
  74  6:42  Pylon  
  75  6:48  Zealot  
  75  6:54  Probe (Chrono Boost)  
  78  7:00  Zealot x3  
  78  7:10  Stalker  
  74  7:22  Zealot  
  74  7:23  Zealot x2  
Show
View Real Time Build Order
Export as new Build Order

FrogMint Zerg 

Build Orders: Pool First 

Get SALT Encoding   

  12  0:01  Drone  
  13  0:09  Drone  
  14  0:18  Overlord  
  14  0:36  Drone  
  14  0:37  Drone x2  
  17  1:00  Drone, Extractor  
  17  1:17  Spawning Pool  
  16  1:28  Hatchery  
  15  1:34  Drone  
  15  1:35  Drone x2  
  18  1:45  Drone  
  19  1:58  Drone  
  20  2:03  Queen  
  22  2:08  Overlord  
  22  2:19  Overlord  
  22  2:37  Evolution Chamber  
  22  2:43  Drone  
  22  2:44  Drone x2  
  24  2:55  Queen  
  24  2:57  Drone x2  
  28  3:11  Drone x2  
  30  3:15  Zergling x4  
  32  3:20  Metabolic Boost  
  32  3:23  Zerg Melee Weapons Level 1  
  32  3:27  Extractor  
  32  3:30  Drone x3, Roach Warren  
  33  3:35  Zergling x2  
  33  3:36  Zergling x2  
  35  3:44  Drone  
  35  3:47  Drone, Overlord  
  37  3:51  Overlord  
  37  3:54  Drone  
  38  4:12  Drone x6  
  44  4:32  Drone x4  
  44  4:38  Lair  
  48  4:57  Roach  
  48  4:58  Roach x5  
  60  5:06  Roach  
  58  5:07  Overlord  
  58  5:14  Drone  
  59  5:25  Extractor  
  59  5:26  Extractor  
  57  5:31  Roach  
  57  5:32  Roach x4  
  67  5:36  Hatchery  
  66  5:44  Overseer  
  66  5:58  Zergling x2  
  66  5:59  Overlord x2  
  67  6:20  Spore Crawler x2  
  67  6:22  Drone x3  
  67  6:25  Roach, Zergling x2  
  71  6:26  Zergling x2  
  72  6:33  Drone  
  72  6:34  Drone x4  
  77  6:46  Hatchery, Zergling x2  
  77  6:47  Zergling x8  
  81  6:59  Roach  
  81  7:00  Roach, Overlord x3  
  78  7:21  Roach  
  78  7:22  Overlord x2  
Tags
 
Add a new tag
Caveats
  • Supply blocks, unpowered buildings, or Contaminate may cause inaccurate times.
  • Supply counts are checked every 10 seconds.